 Dungeon Crawl Stone Soup version 0.24-a0-292-g5c6fb1c (webtiles) character file.

Game seed: 10998827595238955960

24322 Wallop the Slinger (level 12, 0/113 HPs)
             Began as a Centaur Hunter on May 11, 2019.
             Was a High Priest of Okawaru.
             Shot with a bolt by a yaktaur (4 damage)
             ... on level 13 of the Dungeon.
             The game lasted 00:50:56 (18456 turns).

Wallop the Slinger (Centaur Hunter)                Turns: 18456, Time: 00:50:57

Health: 0/113      AC: 13    Str: 20    XL:     12   Next: 79%
Magic:  25/25      EV:  8    Int: 10    God:    Okawaru [*****.]
Gold:   996        SH:  0    Dex: 13    Spells: 8/11 levels left

rFire    + . .     SeeInvis .   b - +3 fustibalus (freeze)
rCold    + . .     Gourm    .   (no shield)
rNeg     . . .     Faith    .   e - +1 scale mail {rF+}
rPois    .         Spirit   .   (no helmet)
rElec    .         Reflect  .   v - +1 cloak "Atitic" {Dex+3}
rCorr    .         Harm     +   (no gloves)
MR       .....                  (no barding)
Stlth    ..........             u - amulet of harm
HPRegen  0.28/turn              r - ring of wizardry
MPRegen  0.19/turn              L - ring of magical power

@: very quick
A: large, hooves 3, slimy green scales 1, cold resistance 1, deformed body,
speed 2, robust 1, tough skin 3
a: Heroism, Finesse, Renounce Religion


You were on level 13 of the Dungeon.
You worshipped Okawaru.
Okawaru was extremely pleased with you.
You were not hungry.

You visited 2 branches of the dungeon, and saw 14 of its levels.
You also visited: Sewer and Ossuary.

You collected 996 gold pieces.

Inventory:

Hand Weapons
 a - a +1 shortbow
 b - a +3 fustibalus of freezing (weapon)
 S - a +0 halberd
Missiles
 d - 331 arrows
 g - 102 sling bullets
 j - 150 stones (quivered)
 G - a throwing net
Armour
 c - a +0 leather armour
 e - a +1 scale mail of fire resistance (worn)
 v - the +1 cloak "Atitic" (worn) {Dex+3}
   (You found it on level 12 of the Dungeon)

   It affects your dexterity (+3).
 x - a +0 chain mail
 N - +0 acid dragon scales
Magical Staves
 A - an uncursed staff of poison {unknown}
Jewellery
 r - a ring of wizardry (left hand)
 u - an amulet of harm (around neck)
 L - a ring of magical power (right hand)
 R - an uncursed amulet of regeneration
Wands
 E - a wand of polymorph (1)
 F - a wand of flame (6)
 I - a wand of paralysis (12)
 U - a wand of iceblast (6)
 W - a wand of random effects (17)
 X - a wand of clouds (3)
Scrolls
 k - 2 scrolls of enchant weapon
 m - 5 scrolls of fear
 n - 7 scrolls of remove curse
 o - a scroll of identify
 t - 3 scrolls of immolation
 y - a scroll of noise {unknown}
 B - 2 scrolls of amnesia
 P - 3 scrolls of magic mapping
 Q - 4 scrolls of teleportation
 T - a scroll of silence {unknown}
Potions
 h - 4 potions of heal wounds
 i - 3 potions of ambrosia
 l - a potion of magic
 p - 6 potions of haste
 q - 6 potions of might
 s - a potion of cancellation {unknown}
 w - a potion of lignification {unknown}
 z - a potion of invisibility {unknown}
 C - a potion of flight {unknown}
 H - a potion of agility {unknown}
 J - 5 potions of brilliance
 M - 8 potions of curing
Comestibles
 f - 28 rations
 D - a chunk of flesh


   Skills:
 + Level 8.8 Fighting
   Level 0.3 Short Blades
 - Level 14.0 Slings
 * Level 13.2 Bows
 * Level 7.7 Armour
 - Level 1.3 Dodging
 - Level 0.4 Stealth
 - Level 6.3 Invocations
 - Level 0.1 Evocations


You had 8 spell levels left.
You knew the following spells:

 Your Spells              Type           Power        Failure   Level  Hunger
a - Regeneration          Chrm/Necr      #.........   71%         3    ####...

Your spell library contained the following spells:

 Spells                   Type           Power        Failure   Level  Hunger
 Animate Skeleton         Necr           N/A          34%         1    ##.....
 Apportation              Tloc           #.....       34%         1    ##.....
 Corona                   Hex            #......      34%         1    ##.....
 Pain                     Necr           #...         34%         1    ##.....
 Sting                    Conj/Pois      #...         34%         1    ##.....
 Summon Small Mammal      Summ           #...         34%         1    ##.....
 Call Imp                 Summ           #.......     47%         2    ###....
 Ensorcelled Hibernation  Hex/Ice        #.....       47%         2    ###....
 Poisonous Vapours        Pois/Air       #.....       47%         2    ###....
 Shroud of Golubria       Chrm/Tloc      #.........   47%         2    ###....
 Swiftness                Chrm/Air       #.......     47%         2    ###....
 Call Canine Familiar     Summ           #.......     71%         3    ####...
 Confuse                  Hex            #.......     71%         3    ####...
 Dazzling Spray           Conj/Hex       #.....       71%         3    ####...
 Mephitic Cloud           Conj/Pois/Air  #.......     71%         3    ####...
 Ozocubu's Armour         Chrm/Ice       #.......     71%         3    ####...
 Spectral Weapon          Hex/Chrm       #.......     71%         3    ####...
 Summon Guardian Golem    Hex/Summ       #.......     71%         3    ####...
 Tukima's Dance           Hex            #.......     71%         3    ####...
 Vampiric Draining        Necr           #.........   71%         3    ####...
 Animate Dead             Necr           N/A          97%         4    #####..
 Leda's Liquefaction      Hex/Erth       #.........   97%         4    #####..
 Olgreb's Toxic Radiance  Pois           #.......     97%         4    #####..
 Summon Ice Beast         Ice/Summ       #.......     97%         4    #####..
 Summon Lightning Spire   Summ/Air       #.......     97%         4    #####..
 Bolt of Magma            Conj/Fire/Erth #.........   100%        5    ######.
 Venom Bolt               Conj/Pois      #.........   100%        5    ######.
 Iron Shot                Conj/Erth      #.........   100%        6    #######
 Statue Form              Tmut/Erth      #........    100%        6    #######
 Shatter                  Erth           #.........   100%        9    #######


Dungeon Overview and Level Annotations

Branches:
Dungeon (13/15)            Temple (1/1) D:5            Lair (0/6) D:8
    Orc (0/2) D:10
 Vaults: D:13-14

Altars:
Ashenzari
Cheibriados
Dithmenos
Elyvilon
Gozag
Okawaru
Qazlal
Ru
Sif Muna
Trog
Uskayaw
Wu Jian
Yredelemnul
Zin
The Shining One

Shops:
D:5 *

Annotations:
D:1 exclusion: downstairs
D:9 exclusion: 2 downstairs


Innate Abilities, Weirdness & Mutations

You have hooves in place of feet.
Armour fits poorly on your strangely shaped body.
You cover ground very quickly.
You have extremely tough skin. (AC +3)
You are partially covered in slimy green scales. (AC +2)
Your flesh is cold resistant. (rC+)
You are robust. (+10% HP)


Message History

The yaktaur is lightly wounded.
Firing (i - inventory. (/) - cycle)
j - 153 stones (quivered)
Press: ? - help, Shift-Dir - straight line, f/p - yaktaur
Aim: a yaktaur, wielding a +1 arbalest of velocity (lightly wounded)
You shoot a stone. The stone barely misses the yaktaur.
The yaktaur shoots a bolt.
The bolt barely misses you.
Firing (i - inventory. (/) - cycle)
j - 152 stones (quivered)
Press: ? - help, Shift-Dir - straight line, f/p - yaktaur
Aim: a yaktaur, wielding a +1 arbalest of velocity (lightly wounded)
You shoot a stone. The stone hits the yaktaur!
The stone freezes the yaktaur.
The yaktaur is heavily wounded.
Firing (i - inventory. (/) - cycle)
j - 151 stones (quivered)
Press: ? - help, Shift-Dir - straight line, f/p - yaktaur
Aim: a yaktaur, wielding a +1 arbalest of velocity (heavily wounded)
You shoot a stone. The stone hits the yaktaur.
The stone freezes the yaktaur.
The yaktaur is severely wounded.
A big kobold comes into view. It is wielding a +0 short sword.
The yaktaur shoots a bolt.
The bolt hits you!!
* * * LOW HITPOINT WARNING * * *
You die...

#.######.#######..########
#.# ### #..# #. #.# .##..#
c ## #.# #o#..#.# #.#
#.#..#.# #####.##
......... #......###
#######)#.(#.######
#.#.#....#
#.)(((.((..........
#........#
#.@()()).K(........
#.#.#.#..#
#(#####(#c.#.######
#.......####.# #..........
#.
#.#.#[#......#..##e#..#.##
## #.}.....######. #.#..#
#.#.#.#.# # .## .#
#.......# . .# ##
######### # # ####. #.##.


You could see a yaktaur and a big kobold.

Vanquished Creatures
  3 hydras
  A two-headed ogre (D:10)
  Urug (D:12)
  Sonja (D:10)
  A deep elf knight (D:13)
  An orc knight (D:13)
  4 deep elf magi
  4 ugly things
  A manticore (D:11)
  2 centaur zombies
  2 cyclopes
  Joseph (D:10)
  Psyche (D:9)
  2 gargoyles
  A yaktaur (D:13)
  The ghost of Killmatronix the Shooter, a novice DEHu of Okawaru (D:4)
  A troll (D:10)
  Grinder (D:3)
  3 slime creatures (D:12)
  2 dream sheep (D:12)
  3 hippogriffs
  3 wraiths
  18 yaks
  Eustachio (D:4)
  3 hungry ghosts
  7 vampire mosquitoes
  An acid dragon (D:11)
  A porcupine (D:8)
  8 orc warriors
  4 sky beasts
  4 ice beasts
  2 necrophages
  2 ogres
  2 phantoms
  4 centaurs
  4 big kobolds
  6 bullfrogs
  A gnoll sergeant (D:10)
  4 scorpions
  7 killer bees
  7 wights
  8 howler monkeys
  6 electric eels (D:6)
  5 crimson imps
  6 hounds
  2 bullfrog zombies
  11 orc priests
  5 jellies
  A bullfrog skeleton (D:5)
  2 centaur skeletons
  2 gnoll shamans (D:9)
  13 orc wizards
  4 iguanas
  9 worker ants
  A killer bee zombie (D:10)
  2 hound skeletons
  3 mummies (Ossuary)
  3 worker ant zombies
  18 gnolls
  A howler monkey skeleton (D:9)
  15 adders
  2 shadow imps
  A worker ant simulacrum (D:10)
  An ooze (D:3)
  An adder zombie (D:8)
  2 adder skeletons (D:4)
  2 worms
  3 dart slugs
  12 leopard geckos
  64 orcs
  6 bats
  11 giant cockroaches
  7 goblins
  6 hobgoblins
  6 jackals
  4 quokkas
  2 ball pythons (Sewer)
  11 frilled lizards
  2 goblin zombies (Ossuary)
  4 hobgoblin zombies (Ossuary)
  10 kobolds
  2 kobold zombies (Ossuary)
  A leopard gecko zombie (D:5)
  An orc zombie (Ossuary)
  A quokka skeleton (D:4)
  8 rats
  A bush (D:1)
  A fungus (D:8)
415 creatures vanquished.

Vanquished Creatures (others)
  6 fungi (D:8)
6 creatures vanquished.

Grand Total: 421 creatures vanquished

Notes
Turn   | Place    | Note
-------+----------+-------------------------------------------
     0 | D:1      | Wallop the Centaur Hunter began the quest for the Orb.
     0 | D:1      | Reached XP level 1. HP: 17/17 MP: 1/1
   305 | D:1      | Reached XP level 2. HP: 21/24 MP: 2/2
   748 | D:1      | Reached XP level 3. HP: 29/29 MP: 3/3
   837 | D:1      | Reached skill level 1 in Armour
  1756 | D:2      | Reached XP level 4. HP: 33/36 MP: 4/4
  2187 | D:3      | Found a glowing drain.
  2342 | Sewer    | Entered a sewer
  2555 | Sewer    | Reached XP level 5. HP: 19/42 MP: 5/5
  3164 | Sewer    | Reached XP level 6. HP: 36/50 MP: 6/6
  3682 | D:3      | Noticed Grinder
  4065 | D:3      | Paralysed by Grinder for 6 turns
  4088 | D:3      | Killed Grinder
  4088 | D:3      | Reached skill level 2 in Slings
  4288 | D:3      | Reached XP level 7. HP: 57/57 MP: 7/7
  4570 | D:4      | Found a runed translucent gate.
  4570 | D:4      | Found a runed translucent gate.
  4570 | D:4      | Found a runed translucent gate.
  4576 | D:4      | Noticed Killmatronix's ghost (novice DEHu)
  4736 | D:4      | Reached skill level 3 in Slings
  4924 | D:4      | Found a shadowy altar of Dithmenos.
  4966 | D:4      | Noticed Eustachio
  4973 | D:4      | Killed Eustachio
  4973 | D:4      | Reached skill level 4 in Slings
  5115 | D:4      | Killed Killmatronix's ghost
  5115 | D:4      | Reached skill level 5 in Slings
  5115 | D:4      | Reached XP level 8. HP: 54/66 MP: 8/8
  5204 | D:5      | Entered Level 5 of the Dungeon
  5259 | D:5      | Found a staircase to the Ecumenical Temple.
  5282 | Temple   | Entered the Ecumenical Temple
  5311 | Temple   | Became a worshipper of Warmaster Okawaru
  5529 | D:5      | Reached skill level 6 in Slings
  5547 | D:5      | Found a sand-covered staircase.
  5563 | Ossuary  | Entered an ossuary
  6075 | D:5      | Found Carrecw's General Store.
  6231 | D:5      | Reached * piety under Okawaru
  6797 | D:6      | Reached skill level 7 in Slings
  6862 | D:6      | Reached skill level 1 in Invocations
  7761 | D:6      | Reached XP level 9. HP: 72/72 MP: 10/10
  8504 | D:6      | Learned a level 3 spell: Regeneration
  8601 | D:7      | Reached skill level 8 in Slings
  8695 | D:7      | Reached ** piety under Okawaru
  9083 | D:7      | Reached skill level 9 in Slings
  9083 | D:7      | Reached skill level 5 in Armour
  9283 | D:7      | Reached skill level 10 in Bows
  9339 | D:7      | Found a glowing silver altar of Zin.
  9495 | D:8      | Reached skill level 5 in Fighting
  9735 | D:8      | Reached *** piety under Okawaru
  9886 | D:8      | Reached XP level 10. HP: 81/81 MP: 12/12
  9927 | D:8      | Found a staircase to the Lair.
 10731 | D:8      | Reached skill level 10 in Slings
 11190 | D:8      | Found a sacrificial altar of Ru.
 11908 | D:9      | Noticed a cyclops
 11920 | D:9      | Killed a cyclops
 12461 | D:9      | Received a gift from Okawaru
 12481 | D:9      | Noticed Psyche
 12491 | D:9      | Killed Psyche
 12491 | D:9      | Reached skill level 11 in Slings
 12491 | D:9      | Reached skill level 5 in Invocations
 12554 | D:9      | Gained mutation: Your system is resistant to poisons.
                  | (rPois) [potion of mutation]
 12554 | D:9      | Gained mutation: You are frail. (-10% HP) [potion of
                  | mutation]
 12554 | D:9      | Gained mutation: Your muscles are strong. (Str +2) [potion
                  | of mutation]
 12555 | D:9      | Lost mutation: Your muscles are strong. (Str +2) [potion of
                  | mutation]
 12555 | D:9      | Lost mutation: You are frail. (-10% HP) [potion of
                  | mutation]
 12555 | D:9      | Lost mutation: Your system is resistant to poisons. (rPois)
                  | [potion of mutation]
 12555 | D:9      | Gained mutation: You are robust. (+10% HP) [potion of
                  | mutation]
 12555 | D:9      | Gained mutation: You are partially covered in slimy green
                  | scales. (AC +2) [potion of mutation]
 12555 | D:9      | Gained mutation: Your flesh is cold resistant. (rC+)
                  | [potion of mutation]
 12674 | D:9      | Reached **** piety under Okawaru
 12901 | D:10     | Entered Level 10 of the Dungeon
 12901 | D:10     | Noticed Sonja
 12906 | D:10     | Reached XP level 11. HP: 97/97 MP: 14/14
 13718 | D:10     | Noticed a deep elf mage
 13725 | D:10     | Killed a deep elf mage
 13725 | D:10     | Received a gift from Okawaru
 13748 | D:10     | Killed Sonja
 13748 | D:10     | Reached skill level 12 in Slings
 13848 | D:10     | Noticed Joseph
 13854 | D:10     | Killed Joseph
 13860 | D:10     | Noticed a two-headed ogre
 13869 | D:10     | Killed a two-headed ogre
 14015 | D:10     | Found a staircase to the Orcish Mines.
 14280 | D:10     | Noticed a red ugly thing
 14342 | D:10     | Killed a red ugly thing
 14342 | D:10     | Reached ***** piety under Okawaru
 14600 | D:10     | Identified the Collected Works on Warped Enhancements
 14857 | D:11     | Received a gift from Okawaru
 15375 | D:11     | Noticed a white ugly thing
 15391 | D:11     | Killed a white ugly thing
 15391 | D:11     | Received a gift from Okawaru
 15622 | D:12     | Noticed a seven-headed hydra
 15628 | D:12     | Reached skill level 13 in Slings
 15670 | D:11     | Killed a seven-headed hydra
 15825 | D:12     | Received a gift from Okawaru
 15825 | D:12     | Reached XP level 12. HP: 92/110 MP: 16/16
 15903 | D:12     | Found an opulent altar of Gozag.
 16389 | D:12     | Received a gift from Okawaru
 16664 | D:12     | Noticed a two-headed hydra
 16683 | D:12     | Killed a two-headed hydra
 16806 | D:12     | Noticed Urug
 16829 | D:12     | Killed Urug
 17010 | D:12     | Got a transparent cloak
 17016 | D:12     | Identified the +1 cloak "Atitic" {Dex+3} (You found it on
                  | level 12 of the Dungeon)
 17065 | D:12     | Received a gift from Okawaru
 17810 | D:13     | Noticed a seven-headed hydra
 17825 | D:13     | Killed a seven-headed hydra
 17825 | D:13     | Reached skill level 14 in Slings
 18456 | D:13     | HP: 4/113 [yaktaur/bolt (32)]
 18456 | D:13     | Shot with a bolt by a yaktaur

Levels and vault maps discovered:
D:1:      sevenhm_arrival_forest_fort_large_4, layout_rooms
D:2:      layout_basic, first_ration, serial_glass, glass_columns_a,
          glass_columns_b, kennysheep_generic_room_8
D:3:      layout_loops_ring, portal_sewer_entry_f, uniq_grinder
D:4:      layout_gridville, gammafunk_ghost_necromancy,
          nicolae_dithmenos_shadow_blocks, uniq_eustachio
D:5:      layout_loops_ring, minmay_temple_entry_overgrown, serial_shops, shop,
          nicolae_ossuary_entry_ruins, nicolae_sextant
D:6:      layout_loops_corners, palyth_stone_intersect, kennysheep_boxes
D:7:      layout_basic, kennysheep_mini_moat
D:8:      minmay_goldmine, layout_basic, grunt_lair_entry_orc_guard_hut,
          serial_glass, glass_columns_c, glass_columns_a, glass_columns_a,
          glass_columns_b, nicolae_ru_the_path_less_chosen
D:9:      layout_roguey, kb_rosetta, uniq_psyche
D:10:     minmay_cut_squares, layout_cave_pools, david_orc_3, uniq_sonja,
          uniq_joseph
D:11:     layout_loops_ring
D:12:     layout_loops_cross, hangedman_ranch [blue_anna_fruit_fields],
          lemuel_tele_altar, uniq_urug
D:13:     layout_loops_ring, hangedman_vaults_entry_quadrant_bands,
          serial_co_window_serial, co_window_paths_a, co_window_cross_1,
          co_window_paths_a, co_window_of_opportunity_a, co_window_paths_a,
          co_window_broadway_c, co_window_unsneaky_path_b, co_window_cross_2,
          co_window_corner_b, co_window_broadway_b, co_window_paths_e,
          glass_columns_b, glass_columns_b, glass_columns_c, glass_columns_a,
          glass_columns_a
Temple:   nicolae_temple_the_god_donut

Skill      XL: |  1  2  3  4  5  6  7  8  9 10 11 12 |
---------------+-------------------------------------+-----
Bows           | 6 7 8 9 10 11 12 13 | 13.2
Armour         | 1 2 3 4 5 6 7 |  7.7
Fighting       | 3 4 5 6 7 8 |  8.8
Slings         | 2 5 7 9 11 13 14 | 14.0
Invocations    | 1 3 5 6 |  6.3
Short Blades   | |  0.3
Dodging        | |  1.3
Stealth        | |  0.4
Evocations     | |  0.1

Action                   |  1- 3 |  4- 6 |  7- 9 | 10-12 || total
-------------------------+-------+-------+-------+-------++-------
Melee: Short sword       |   202 |    94 |       |       ||   296
       Kick              |    57 |    21 |       |       ||    78
 Fire: Shortbow          |    10 |    62 |     3 |    13 ||    88
       Fustibalus        |       |    38 |   380 |   832 ||  1250
Throw: Stone             |     1 |       |       |       ||     1
       Throwing net      |       |       |       |     2 ||     2
Invok: Heroism           |       |       |       |     3 ||     3
Evoke: Wand              |       |       |     6 |     3 ||     9
  Use: Scroll            |       |     3 |     5 |    10 ||    18
       Potion            |       |       |       |     3 ||     3
  Eat: Chunk             |     2 |     7 |    11 |    19 ||    39
       Ration            |       |       |     1 |     1 ||     2
Armor: Leather armour    |    14 |       |       |       ||    14
       Ring mail         |    52 |    55 |       |       ||   107
       Scale mail        |       |     5 |    58 |    91 ||   154
       Chain mail        |       |     3 |       |       ||     3
Dodge: Dodged            |    56 |    60 |    28 |    96 ||   240

Table legend:
 A = Non-vault XP
 B = Vault XP
 C = Vault XP percentage of total XP
 D = Non-vault monster count
 E = Vault monster count
 F = Vault count percentage of total count
                 A         B        C        D         E       F
            +---------+---------+-------+---------+---------+-------
      Total |   22106 |   12640 |  36.4 |     310 |     103 |  24.9
            +---------+---------+-------+---------+---------+-------
        D:1 |      60 |       0 |   0.0 |      26 |       0 |   0.0
        D:2 |      49 |      13 |  21.0 |      22 |       1 |   4.3
        D:3 |     114 |     283 |  71.3 |      25 |       6 |  19.4
        D:4 |     135 |     551 |  80.3 |      17 |       5 |  22.7
        D:5 |     489 |       0 |   0.0 |      11 |       0 |   0.0
        D:6 |     980 |       0 |   0.0 |      20 |       0 |   0.0
        D:7 |    1521 |       0 |   0.0 |      39 |       0 |   0.0
        D:8 |    1252 |     828 |  39.8 |      25 |      15 |  37.5
        D:9 |    3056 |    1377 |  31.1 |      38 |       6 |  13.6
       D:10 |    2566 |    2883 |  52.9 |      27 |      16 |  37.2
       D:11 |    4891 |       0 |   0.0 |      24 |       0 |   0.0
       D:12 |    4609 |    2551 |  35.6 |      23 |       9 |  28.1
       D:13 |    2384 |    3652 |  60.5 |      13 |      12 |  48.0
      Sewer |       0 |     230 | 100.0 |       0 |      20 | 100.0
    Ossuary |       0 |     272 | 100.0 |       0 |      13 | 100.0
            +---------+---------+-------+---------+---------+-------
